SKY
ST. LOUIS CARDINALS @ HOUSTON ASTROS
04/24/2052
 
TOP OF THE 1ST
St. Louis Cardinals batting - Pitching for Houston Astros : LHP Robert Stevenson
Pitching: LHP Robert Stevenson
Batting: SHB Joseph Mitchell 0-0: Swinging Strike
0-1: TRIPLE (Line Drive, 8RXD, EV 105.6 MPH)
Batting: RHB Bobby Grimm 0-0: Ball
1-0: Ball
2-0: Foul Ball, location: 2F
2-1: Ball
3-1: Fly out, F6 (Flyball, 6MD, EV 96.3 MPH)
Batting: RHB Edward Lepak Balk!
Joseph Mitchell scores
0-0: Called Strike
0-1: Ball
1-1: Ball
2-1: Swinging Strike
2-2: Fly out, F9 (Flyball, 9, EV 83.1 MPH)
Batting: RHB Dan Moore 0-0: Called Strike
0-1: Foul Ball, location: 2F
0-2: Ground out 6-3 (Groundball, 6, EV 86.9 MPH)
Top of the 1st over - 1 run, 1 hit, 0 errors, 0 left on base; St. Louis 1 - Houston 0
BOTTOM OF THE 1ST
Houston Astros batting - Pitching for St. Louis Cardinals : RHP Merlin Peres
Pitching: RHP Merlin Peres
Batting: RHB Nicky Alvarez 0-0: Called Strike
0-1: Called Strike
0-2: Ball
1-2: Strikes out looking
Batting: RHB Joshua Massengill 0-0: Foul Ball, location: 5F
0-1: SINGLE (Groundball, 4MD, EV 101.9 MPH)
Batting: RHB Stephan Davis 0-0: Called Strike
0-1: Called Strike
0-2: Ball
1-2: Strikes out swinging
Batting: RHB Bill Thyfault 0-0: Ball
1-0: Called Strike
1-1: Called Strike
1-2: Ball
2-2: Foul Ball, location: 25F
2-2: Foul Ball, location: 7LMF
2-2: Strikes out looking
Bottom of the 1st over - 0 runs, 1 hit, 0 errors, 1 left on base; St. Louis 1 - Houston 0
TOP OF THE 2ND
St. Louis Cardinals batting - Pitching for Houston Astros : LHP Robert Stevenson
Batting: SHB Sammy Horgan 0-0: Ball
1-0: Foul Ball, location: 9LSFF
1-1: Ball
2-1: Ball
3-1: Reached on error, E5 (Groundball, 56, EV 86.9 MPH)
Batting: LHB Marcus Jones 0-0: Ball
1-0: Ball
2-0: Called Strike
2-1: Ball
3-1: Fly out, F7 (Line Drive, 7, EV 90.0 MPH)
Batting: SHB Lucas Cavanaugh 0-0: Ball
1-0: 2-RUN HOME RUN (Line Drive, 9D, EV 103.8 MPH), Distance : 388 ft
Batting: RHB Paco Paredes 0-0: Foul Ball, location: 25F
0-1: Ball
1-1: Foul Ball, location: 9LSF
1-2: Foul Ball, location: 7LSF
1-2: Ball
2-2: Ball
3-2: Strikes out swinging
Batting: LHB Josef Rosendorff 0-0: Ball
1-0: Fly out, F2 (Popup, 25F, EV 86.3 MPH)
Top of the 2nd over - 2 runs, 1 hit, 1 error, 0 left on base; St. Louis 3 - Houston 0
BOTTOM OF THE 2ND
Houston Astros batting - Pitching for St. Louis Cardinals : RHP Merlin Peres
Batting: LHB Caleb England 0-0: Foul Ball, location: 5FF
0-1: Ground out 3-1 (Groundball, 34, EV 84.4 MPH)
Batting: LHB Austin Mitchell 0-0: Ball
1-0: Ball
2-0: Ball
3-0: Fly out, F8 (Flyball, 8LD, EV 103.1 MPH)
Batting: LHB Burl Shearer 0-0: Swinging Strike
0-1: Foul Ball, location: 2LF
0-2: Foul Ball, location: 2F
0-2: Strikes out swinging
Bottom of the 2nd over - 0 runs, 0 hits, 0 errors, 0 left on base; St. Louis 3 - Houston 0
TOP OF THE 3RD
St. Louis Cardinals batting - Pitching for Houston Astros : LHP Robert Stevenson
Batting: SHB Joseph Mitchell 0-0: Foul Ball, location: 2F
0-1: Foul Ball, location: 2LF
0-2: Fly out, F8 (Flyball, 78D, EV 101.3 MPH)
Batting: RHB Bobby Grimm 0-0: Foul Ball, location: 2F
0-1: Ball
1-1: Ball
2-1: Foul Ball, location: 9LSF
2-2: Fly out, F3 (Popup, 23F, EV 91.3 MPH)
Batting: RHB Edward Lepak 0-0: Swinging Strike
0-1: Called Strike
0-2: Strikes out swinging
Top of the 3rd over - 0 runs, 0 hits, 0 errors, 0 left on base; St. Louis 3 - Houston 0
BOTTOM OF THE 3RD
Houston Astros batting - Pitching for St. Louis Cardinals : RHP Merlin Peres
Batting: SHB Rylan Hayes 0-0: Ground out 3-1 (Groundball, 34, EV 109.4 MPH)
Batting: RHB Nick Burkard 0-0: Called Strike
0-1: Ball
1-1: Ball
2-1: Foul Ball, location: 2RF
2-2: Ground out 6-3 (Groundball, 6, EV 103.8 MPH)
Batting: RHB Nicky Alvarez 0-0: Fly out, F4 (Line Drive, 4, EV 63.1 MPH)
Bottom of the 3rd over - 0 runs, 0 hits, 0 errors, 0 left on base; St. Louis 3 - Houston 0
TOP OF THE 4TH
St. Louis Cardinals batting - Pitching for Houston Astros : LHP Robert Stevenson
Batting: RHB Dan Moore 0-0: SOLO HOME RUN (Flyball, 89XD, EV 102.5 MPH), Distance : 412 ft
Batting: SHB Sammy Horgan 0-0: Swinging Strike
0-1: Called Strike
0-2: Foul Ball, location: 25F
0-2: Strikes out looking
Batting: LHB Marcus Jones 0-0: DOUBLE (Groundball, 3L, EV 106.3 MPH)
Batting: SHB Lucas Cavanaugh 0-0: Called Strike
0-1: Ball
1-1: Swinging Strike
1-2: Strikes out swinging, 2-3 out at first.
Batting: RHB Paco Paredes 0-0: Swinging Strike
0-1: Called Strike
0-2: Ball
1-2: Ball
2-2: SINGLE (Line Drive, 34, EV 98.8 MPH)
Marcus Jones to third
Runner from 3rd tries for Home, SAFE, throw by RF to home
Pitching: RHP Alexis Robles
Batting: LHB Josef Rosendorff 0-0: Called Strike
0-1: Ball
1-1: Ball
2-1: Ball
3-1: Swinging Strike
3-2: Strikes out swinging
Top of the 4th over - 2 runs, 3 hits, 0 errors, 1 left on base; St. Louis 5 - Houston 0
BOTTOM OF THE 4TH
Houston Astros batting - Pitching for St. Louis Cardinals : RHP Merlin Peres
Batting: RHB Joshua Massengill 0-0: Called Strike
0-1: Foul Ball, location: 2F
0-2: Foul Ball, location: 7LSF
0-2: Ball
1-2: Strikes out swinging
Batting: RHB Stephan Davis 0-0: Called Strike
0-1: Foul Ball, location: 5DF
0-2: Ball
1-2: Ball
2-2: Foul Ball, location: 9LDF
2-2: Fly out, F3 (Line Drive, 34, EV 68.1 MPH)
Batting: RHB Bill Thyfault 0-0: SINGLE (Line Drive, 6D, EV 73.1 MPH)
Batting: LHB Caleb England 0-0: Ball
1-0: Foul Ball, location: 7LDF
1-1: Called Strike
1-2: Foul Ball, location: 2F
1-2: Foul Ball, location: 2F
1-2: Fly out, F5 (Popup, 5D, EV 51.9 MPH)
Bottom of the 4th over - 0 runs, 1 hit, 0 errors, 1 left on base; St. Louis 5 - Houston 0
TOP OF THE 5TH
St. Louis Cardinals batting - Pitching for Houston Astros : RHP Alexis Robles
Batting: SHB Joseph Mitchell 0-0: Swinging Strike
0-1: Ball
1-1: Ball
2-1: Ball
3-1: Base on Balls
Batting: RHB Bobby Grimm 0-0: Called Strike
0-1: Called Strike
0-2: Foul Ball, location: 2F
0-2: Grounds into double play, 5-4-3 (Groundball, 56, EV 104.4 MPH)
Batting: RHB Edward Lepak 0-0: Ball
1-0: Foul Ball, location: 3DF
1-1: Ball
2-1: Fly out, F8 (Flyball, 78XD, EV 93.8 MPH)
Top of the 5th over - 0 runs, 0 hits, 0 errors, 0 left on base; St. Louis 5 - Houston 0
BOTTOM OF THE 5TH
Houston Astros batting - Pitching for St. Louis Cardinals : RHP Merlin Peres
Batting: LHB Austin Mitchell 0-0: Called Strike
0-1: Foul Ball, location: 9LMF
0-2: Ball
1-2: Ball
2-2: Fly out, F4 (Popup, 4MD, EV 62.5 MPH)
Batting: LHB Burl Shearer 0-0: Foul Ball, location: 3F
0-1: SINGLE (Groundball, 15S, EV 72.5 MPH) (infield hit)
Batting: SHB Rylan Hayes 0-0: Called Strike
0-1: Ball
1-1: Ball
2-1: Ball
3-1: Foul Ball, location: 2F
3-2: Strikes out swinging
Burl Shearer is caught stealing 2nd base 2-6
Batter strikes out.
Bottom of the 5th over - 0 runs, 1 hit, 0 errors, 0 left on base; St. Louis 5 - Houston 0
TOP OF THE 6TH
St. Louis Cardinals batting - Pitching for Houston Astros : RHP Alexis Robles
Batting: RHB Dan Moore 0-0: Fly out, F6 (Popup, 6D, EV 68.8 MPH)
Batting: SHB Sammy Horgan 0-0: Called Strike
0-1: Fly out, F6 (Flyball, 5D, EV 89.4 MPH)
Batting: LHB Marcus Jones 0-0: Foul Ball, location: 5DF
0-1: Ball
1-1: Ball
2-1: Called Strike
2-2: Strikes out swinging
Top of the 6th over - 0 runs, 0 hits, 0 errors, 0 left on base; St. Louis 5 - Houston 0
BOTTOM OF THE 6TH
Houston Astros batting - Pitching for St. Louis Cardinals : RHP Merlin Peres
Batting: RHB Nick Burkard 0-0: Called Strike
0-1: Ball
1-1: Ball
2-1: Ball
3-1: Swinging Strike
3-2: Strikes out swinging
Batting: RHB Nicky Alvarez 0-0: Ground out 5-3 (Groundball, 56S, EV 75.0 MPH)
Batting: RHB Joshua Massengill 0-0: Swinging Strike
0-1: Called Strike
0-2: Strikes out looking
Bottom of the 6th over - 0 runs, 0 hits, 0 errors, 0 left on base; St. Louis 5 - Houston 0
TOP OF THE 7TH
St. Louis Cardinals batting - Pitching for Houston Astros : RHP Alexis Robles
Batting: SHB Lucas Cavanaugh 0-0: Ball
1-0: Foul Ball, location: 2F
1-1: SINGLE (Line Drive, 4MD, EV 94.4 MPH)
Batting: RHB Paco Paredes 0-0: Called Strike
0-1: Foul Ball, location: 5F
0-2: Ball
1-2: Fly out, F4 (Popup, 3D, EV 65.0 MPH)
Batting: LHB Josef Rosendorff 0-0: Ball
1-0: Foul Ball, location: 2F
1-1: Swinging Strike
1-2: Ball
2-2: Ball
3-2: Base on Balls
Lucas Cavanaugh to second
Batting: SHB Joseph Mitchell 0-0: Foul Ball, location: 2F
0-1: Fielders Choice at 2nd, 4-6 (Groundball, 4, EV 86.3 MPH)
Lucas Cavanaugh to third
Batting: RHB Bobby Grimm 0-0: Called Strike
0-1: Foul Ball, location: 2F
0-2: Ball
1-2: 3-RUN HOME RUN (Flyball, 7D, EV 100.6 MPH), Distance : 396 ft
Batting: RHB Edward Lepak 0-0: Called Strike
0-1: Ball
1-1: Ball
2-1: Foul Ball, location: 2F
2-2: Foul Ball, location: 3FF
2-2: Ball
3-2: SINGLE (Groundball, 3D, EV 109.4 MPH)
Batting: RHB Dan Moore 0-0: Called Strike
0-1: Swinging Strike
0-2: Foul Ball, location: 2F
0-2: Foul Ball, location: 9LSF
0-2: Ball
1-2: Foul Ball, location: 25F
1-2: Ball
2-2: Ball
3-2: Strikes out swinging
Top of the 7th over - 3 runs, 3 hits, 0 errors, 1 left on base; St. Louis 8 - Houston 0
BOTTOM OF THE 7TH
Houston Astros batting - Pitching for St. Louis Cardinals : RHP Merlin Peres
Batting: RHB Stephan Davis 0-0: Ball
1-0: Called Strike
1-1: Ball
2-1: Foul Ball, location: 2LF
2-2: Foul Ball, location: 25F
2-2: Ground out 4-3 (Groundball, 4, EV 81.9 MPH)
Batting: RHB Bill Thyfault 0-0: Swinging Strike
0-1: Foul Ball, location: 3DF
0-2: Ball
1-2: Ball
2-2: Fly out, F9 (Line Drive, 89M, EV 91.9 MPH)
Batting: LHB Caleb England 0-0: Ball
1-0: Foul Ball, location: 2F
1-1: Foul Ball, location: 3FF
1-2: Reached on error, E4 (Groundball, 4, EV 78.8 MPH)
Batting: LHB Austin Mitchell 0-0: Ball
1-0: Ball
2-0: Called Strike
2-1: Foul Ball, location: 7LSFF
2-2: Ball
3-2: Fly out, F5 (Popup, 5SF, EV 75.0 MPH)
Bottom of the 7th over - 0 runs, 0 hits, 1 error, 1 left on base; St. Louis 8 - Houston 0
TOP OF THE 8TH
St. Louis Cardinals batting - Pitching for Houston Astros : RHP Alexis Robles
Pitching: LHP Jake Keeler
Batting: SHB Sammy Horgan 0-0: Ball
1-0: Swinging Strike
1-1: Called Strike
1-2: Strikes out swinging
Batting: LHB Marcus Jones 0-0: Called Strike
0-1: Ball
1-1: Ball
2-1: Swinging Strike
2-2: Strikes out swinging, 2-3 out at first.
Batting: SHB Lucas Cavanaugh 0-0: Foul Ball, location: 2F
0-1: Ball
1-1: Fly out, F7 (Line Drive, 7S, EV 103.1 MPH)
Top of the 8th over - 0 runs, 0 hits, 0 errors, 0 left on base; St. Louis 8 - Houston 0
BOTTOM OF THE 8TH
Houston Astros batting - Pitching for St. Louis Cardinals : RHP Merlin Peres
Batting: LHB Burl Shearer 0-0: Called Strike
0-1: Foul Ball, location: 2F
0-2: DOUBLE (Groundball, 3L, EV 100.0 MPH)
Pitching: RHP Ian Gatta
Batting: SHB Rylan Hayes 0-0: SINGLE (Groundball, 4MS, EV 66.3 MPH) (infield hit)
Burl Shearer to third
Pinch Hitting: LHB Fallon Harrigan 0-0: Ball
1-0: Swinging Strike
1-1: SINGLE (Line Drive, 9S, EV 106.3 MPH)
Burl Shearer scores
Rylan Hayes to second
Batting: RHB Nicky Alvarez 0-0: Ball
1-0: Foul Ball, location: 2F
1-1: DOUBLE (Flyball, 8LXD, EV 105.0 MPH)
Rylan Hayes scores
Fallon Harrigan to third
Batting: RHB Joshua Massengill 0-0: Ball
1-0: Ball
2-0: Ball
3-0: Fly out, F9 (Flyball, 9, EV 85.6 MPH)
Runner from 3rd tags up, SCORES, no throw by RF
Batting: RHB Stephan Davis 0-0: Foul Ball, location: 2F
0-1: Foul Ball, location: 2F
0-2: Foul Ball, location: 2F
0-2: Strikes out looking
Batting: RHB Bill Thyfault 0-0: Ground out 6-3 (Groundball, 6, EV 99.4 MPH)
Bottom of the 8th over - 3 runs, 4 hits, 0 errors, 1 left on base; St. Louis 8 - Houston 3
TOP OF THE 9TH
St. Louis Cardinals batting - Pitching for Houston Astros : LHP Jake Keeler
Now at 2B: Nicky Alvarez
Now at SS: Rylan Hayes
Now in CF: Fallon Harrigan
Batting: RHB Paco Paredes 0-0: Called Strike
0-1: Fly out, F3 (Popup, 3SF, EV 71.3 MPH)
Batting: LHB Josef Rosendorff 0-0: Ground out 4-3 (Groundball, 4, EV 81.3 MPH)
Batting: SHB Joseph Mitchell 0-0: Called Strike
0-1: Ball
1-1: Foul Ball, location: 9LSF
1-2: Foul Ball, location: 3F, Error on foul ball, E3
1-2: DOUBLE (Line Drive, 78M, EV 104.4 MPH)
Batting: RHB Bobby Grimm 0-0: Ball
1-0: Ball
2-0: Called Strike
2-1: Foul Ball, location: 23F
2-2: DOUBLE (Flyball, 8LXD, EV 105.6 MPH)
Joseph Mitchell scores
Batting: RHB Edward Lepak 0-0: Ball
Wild Pitch!
Bobby Grimm to third
1-0: Called Strike
1-1: Fly out, F8 (Line Drive, 8RM, EV 97.5 MPH)
Top of the 9th over - 1 run, 2 hits, 1 error, 1 left on base; St. Louis 9 - Houston 3
BOTTOM OF THE 9TH
Houston Astros batting - Pitching for St. Louis Cardinals : RHP Ian Gatta
Batting: LHB Caleb England 0-0: Fly out, F8 (Flyball, 8RM, EV 82.5 MPH)
Batting: LHB Austin Mitchell 0-0: Ball
1-0: Called Strike
1-1: Called Strike
1-2: Strikes out swinging
Batting: LHB Burl Shearer 0-0: Ball
1-0: Ground out 3-1 (Groundball, 34S, EV 87.5 MPH)
Bottom of the 9th over - 0 runs, 0 hits, 0 errors, 0 left on base; St. Louis 9 - Houston 3
Thursday, April 18th , 2024 - OOTP Baseball 24.11 Build 85